 Dungeon Crawl Stone Soup version 0.31-a0-161-gb58dd9be76 (webtiles) character file.

Game seed: 14930040838585086386

167 qw the Shooter (level 5, -9/32 HPs)
             Began as a Gargoyle Hunter on June 12, 2023.
             Was an Initiate of Okawaru.
             Mangled by Menkaure (14 damage)
             ... on level 4 of the Dungeon.
             The game lasted 00:01:03 (2567 turns).

qw the Shooter (Gargoyle Hunter)                    Turns: 2567, Time: 00:01:04

Health: -9/32      AC: 15    Str: 15    XL:     5   Next: 48%
Magic:  5/5        EV: 11    Int:  9    God:    Okawaru [......]
Gold:   259        SH:  0    Dex: 15    Spells: 4/4 levels left

rFire   . . .        Y - +0 shortbow
rCold   . . .        (shield currently unavailable)
rNeg    + . .        b - +0 ring mail
rPois   inf          f - +0 helmet
rElec   +            (no cloak)
rCorr   .            (no gloves)
SInv    .            d - +0 pair of boots
Will    .....        (no amulet)
Stlth   +            a - +4 ring of protection
HPRegen 0.25/turn    (no ring)
MPRegen 0.09/turn

%: no passive effects
@: no status effects
A: sickness immunity, AC +4, negative energy resistance 1, electricity
resistance, torment resistance 1, petrification resistance
a: Renounce Religion


You were on level 4 of the Dungeon.
You worshipped Okawaru.
Okawaru was noncommittal.
You visited 2 branches of the dungeon, and saw 5 of its levels.

You collected 259 gold pieces.


Innate Abilities, Weirdness & Mutations

You are immune to sickness and miasma.
Your stone body is resilient. (AC +4)
You are immune to poison.
You resist negative energy. (rN+)
You are resistant to electric shocks. (rElec)
You are resistant to unholy torment.
You are immune to petrification.


   Skills:
 - Level 3.0 Fighting
 + Level 5.9 Ranged Weapons
 - Level 1.8 Armour
 - Level 1.5 Dodging
 - Level 1.1 Stealth


You had 4 spell levels left.
You didn't know any spells.
Your spell library was empty.

Inventory:

Hand Weapons
 Y - a +0 shortbow (weapon)
Armour
 b - a +0 ring mail (worn)
 d - a +0 pair of boots (worn)
 f - a +0 helmet (worn)
Jewellery
 a - a +4 ring of protection (left hand)
Scrolls
 e - a scroll of identify
Potions
 c - a potion of magic {unknown}
 g - a potion of ambrosia {unknown}
 h - a potion of haste {unknown}

Dungeon Overview and Level Annotations

Branches:
Dungeon (4/15)             Temple (1/1) D:4

Altars:
Ashenzari
Cheibriados
Dithmenos
Elyvilon
Gozag
Hepliaklqana
Makhleb
Nemelex Xobeh
Okawaru
Qazlal
Ru
Sif Muna
Trog
Vehumet
Yredelemnul
Zin
The Shining One

Shops:
D:2 (

Annotations:
D:4 Menkaure


Message History

You now have 259 gold pieces (gained 5).
You see here 3 stones.
Menkaure, Prince of Dust comes into view.
Menkaure shouts!
Enter note:
Enter note:
Enter note:
Enter note:
Enter note:
Enter note: You shoot an arrow.
The arrow hits Menkaure but does no damage.
Menkaure casts a spell.
Menkaure seems to speed up.
You shoot an arrow.
The arrow hits Menkaure but does no damage.
Enter note:
Enter note:
Enter note:
Enter note:
Enter note:
Enter note: You shoot an arrow.
The arrow closely misses Menkaure.
Menkaure calls on the powers of darkness!
Your body is wracked with pain!
You shoot an arrow. The arrow hits Menkaure!
Menkaure is moderately damaged.
You shoot an arrow. The arrow barely misses Menkaure.
Menkaure barely misses you.
Menkaure calls on the powers of darkness!
Your body is wracked with pain!
You shoot an arrow.
The arrow hits Menkaure but does no damage.
Menkaure is moderately damaged.
Menkaure hits you!
Ouch! That really hurt!
You shoot an arrow. The arrow hits Menkaure.
Menkaure is heavily damaged.
Menkaure misses you. Menkaure hits you!
You die...

#..##.........#.#.......
#..##..............##...
#.(##.................(.
#.........#............#
#..##..............#...#
#.............#.........
#..##...###..##.#.......
#...............)......#
##.##.#@...............#
#.##.#M.##..########...
#.##.#....... #...
#.##.#..##.. #... #.
...... ..# #... #......
## #..# .....## #..<
.#### ##.. #..


You could see Menkaure (fast).

Vanquished Creatures
  2 orc wizards
  5 adders
  5 dart slugs
  6 orcs
  3 bats
  2 endoplasms (D:1)
  2 giant cockroaches (D:1)
  3 goblins
  4 hobgoblins
  3 jackals (D:3)
  3 quokkas
  3 ball pythons
  6 frilled lizards
  7 kobolds
  3 rats
57 creatures vanquished.

Notes
Turn   | Place    | Note
-------+----------+-------------------------------------------
     0 | D:1      | qw the Gargoyle Hunter began the quest for the Orb.
     0 | D:1      | Reached XP level 1. HP: 12/12 MP: 1/1
     0 | D:1      | 0 ||| qw: Version: 0.2-a-29-gc1b59c4
     0 | D:1      | 0 ||| qw: Game counter: 4191
     0 | D:1      | 0 ||| qw: Always use a shield: true
     0 | D:1      | 0 ||| qw: God list: Okawaru
     0 | D:1      | 0 ||| qw: Allow faded altars: false
     0 | D:1      | 0 ||| qw: Do Orc after D:15 true
     0 | D:1      | 0 ||| qw: Do second Lair branch before Depths: true
     0 | D:1      | 0 ||| qw: Lair rune preference: random
     0 | D:1      | 0 ||| qw: Plans: Normal, Zot:1-4, Slime:5, God:TSO, Crypt,
                  | Tomb, Abyss, Pan, Hells, Win
     0 | D:1      | 0 ||| PLANNING D:1-11
   290 | D:1      | Reached XP level 2. HP: 17/17 MP: 2/2
   523 | D:1      | 523 ||| UPGRADING to +0 helmet.
   613 | D:1      | Reached XP level 3. HP: 21/21 MP: 3/3
   846 | D:1      | 846 ||| READING scroll labelled RAINANWE FUSEF.
   847 | D:1      | 847 ||| READING scroll labelled XON PEHANEOSIF.
   848 | D:1      | 848 ||| DROPPING scroll of butterflies.
   917 | D:2      | Reached skill level 5 in Ranged Weapons
  1067 | D:2      | Reached skill level 3 in Fighting
  1067 | D:2      | Reached XP level 4. HP: 26/28 MP: 4/4
  1489 | D:2      | Found Vank's Antique Weapon Shoppe.
  1692 | D:2      | 1692 ||| UPGRADING to +0 ring mail.
  1702 | D:2      | 1702 ||| DROPPING +0 leather armour.
  1703 | D:2      | 1703 ||| UPGRADING to +4 ring of protection.
  1704 | D:2      | 1704 ||| READING scroll labelled QAUTSE MIOWUQE.
  1705 | D:2      | 1705 ||| DRINKING 2 gluggy clear potions.
  1706 | D:2      | 1706 ||| DROPPING potion of enlightenment.
  1764 | D:3      | 1764 ||| Stepping ~*~*~tactically~*~*~ (outnumbered).
  1766 | D:3      | 1766 ||| Stepping ~*~*~tactically~*~*~ (outnumbered).
  1768 | D:3      | 1768 ||| Stepping ~*~*~tactically~*~*~ (outnumbered).
  1770 | D:3      | 1770 ||| Stepping ~*~*~tactically~*~*~ (outnumbered).
  1786 | D:3      | Reached skill level 1 in Armour
  1790 | D:3      | 1790 ||| FLEEEEING.
  1792 | D:3      | 1792 ||| FLEEEEING.
  1793 | D:3      | 1793 ||| FLEEEEING.
  1794 | D:3      | 1794 ||| FLEEEEING.
  1795 | D:3      | 1795 ||| FLEEEEING.
  1796 | D:3      | 1796 ||| FLEEEEING.
  1797 | D:3      | 1797 ||| FLEEEEING.
  1801 | D:3      | 1801 ||| STAIRDANCE
  1834 | D:3      | 1834 ||| STAIRDANCE
  1844 | D:2      | Reached XP level 5. HP: 22/32 MP: 5/5
  1885 | D:2      | 1885 ||| READING scroll labelled XYNIOBR IM COU.
  2390 | D:3      | 2390 ||| UPGRADING to +0 pair of boots.
  2395 | D:3      | 2395 ||| READING scroll labelled XOOMYL ZUYLI.
  2462 | D:4      | Found a staircase to the Ecumenical Temple.
  2463 | D:4      | 2463 ||| PLANNING TEMPLE
  2470 | Temple   | Entered the Ecumenical Temple
  2471 | Temple   | 2471 ||| PLANNING OKAWARU WORSHIP
  2477 | Temple   | Became a worshipper of Warmaster Okawaru
  2477 | Temple   | 2477 ||| PLANNING D:1-11
  2559 | D:4      | Noticed Menkaure
  2566 | D:4      | HP: 5/32 [Menkaure (17)]
  2567 | D:4      | Mangled by Menkaure

Levels and vault maps discovered:
D:1:      dpeg_arrival_tiny_f, layout_loops_corners, serial_bayou_lake_a
D:2:      layout_basic, serial_shops, shop, glass_columns_b, hex_medium,
          guppyfry_early_orc_mine
D:3:      layout_basic, nrook_loot_triangle
D:4:      layout_basic, mainiacjoe_overflow_alcove_2,
          minmay_temple_entry_offerings, grunt_decor_clamped, uniq_menkaure
Temple:   sentei_temple_godly_chess

Skill      XL: |  1  2  3  4 |
---------------+-------------+-----
Ranged Weapons | 5 |  5.9
Fighting       | 3 |  3.0
Armour         | 1 |  1.8
Dodging        | |  1.5
Stealth        | |  1.1

Action                     |  1- 3 |  4- 6 || total
---------------------------+-------+-------++-------
   Fire: Shortbow          |    92 |   119 ||   211
    Use: Scroll            |     2 |     3 ||     5
         Potion            |       |     1 ||     1
 Armour: Leather armour    |    15 |     4 ||    19
         Ring mail         |       |    47 ||    47
  Dodge: Dodged            |    18 |    55 ||    73

Table legend:
 A = Non-vault XP
 B = Vault XP
 C = Vault XP percentage of total XP
 D = Non-vault monster count
 E = Vault monster count
 F = Vault count percentage of total count
                 A         B        C        D         E       F
            +---------+---------+-------+---------+---------+-------
      Total |     222 |      17 |   7.1 |      50 |       7 |  12.3
            +---------+---------+-------+---------+---------+-------
        D:1 |      38 |       0 |   0.0 |      20 |       0 |   0.0
        D:2 |      94 |      17 |  15.3 |      14 |       7 |  33.3
        D:3 |      72 |       0 |   0.0 |      13 |       0 |   0.0
        D:4 |      18 |       0 |   0.0 |       3 |       0 |   0.0
            +---------+---------+-------+---------+---------+-------
